 Dungeon Crawl Stone Soup version 0.23.1 (webtiles) character file.

Game seed: 0

835 THEFOAD the Cutter (level 8, 0/54 HPs)
             Began as a Halfling Fighter on Mar 9, 2019.
             Slain by an ogre
             ... wielding a +0 giant club
              (15 damage)
             ... on level 5 of the Dungeon.
             The game lasted 01:06:45 (5866 turns).

THEFOAD the Cutter (Halfling Fighter)               Turns: 5866, Time: 01:06:45

Health: 0/54       AC: 13    Str: 18    XL:     8   Next: 19%
Magic:  8/8        EV:  8    Int:  6    God:
Gold:   90         SH: 11    Dex: 15    Spells: 7/7 levels left

rFire    + . .     SeeInvis .   h - +3 flail
rCold    . . .     Gourm    .   c - +1 shield
rNeg     . . .     Faith    .   f - +0 chain mail
rPois    .         Spirit   .   Y - +1 helmet
rElec    .         Reflect  .   (no cloak)
rCorr    .         Harm     .   k - +0 pair of gloves
MR       .....                  (no boots)
Stlth    ..........             (no amulet)
HPRegen  0.18/turn              t - ring of protection from fire
MPRegen  0.11/turn              (no ring)

@: no status effects
A: small, mutation resistance 1
a: no special abilities


You were on level 5 of the Dungeon.
You were not hungry.

You visited 1 branch of the dungeon, and saw 5 of its levels.

You collected 90 gold pieces.

Inventory:

Hand Weapons
 a - a +1 rapier
 d - a +0 long sword
 g - a +2 dagger of venom
 h - a +3 flail (weapon)
 q - a +0 whip
 r - a +0 falchion
 s - a +0 flail
 x - a +0 short sword
 D - a +1 dagger of venom
 R - a +0 hunting sling
Missiles
 l - 149 stones (quivered)
 w - 49 bolts
 J - 55 poisoned needles
 K - 87 arrows
 U - 2 tomahawks
Armour
 c - a +1 shield (worn)
 e - a +0 scale mail
 f - a +0 chain mail (worn)
 i - a +0 shield
 k - a +0 pair of gloves (worn)
 o - a +0 scale mail
 v - a cursed +0 cloak
 y - a cursed +0 cloak
 B - a +0 pair of gloves
 E - a +0 ring mail
 Y - a +1 helmet (worn)
Jewellery
 b - an uncursed ring of stealth {unknown}
 t - a ring of protection from fire (left hand)
Scrolls
 p - a scroll of remove curse
 L - 5 scrolls of teleportation
 Z - a scroll of magic mapping
Potions
 m - a potion of berserk rage {unknown}
 n - a potion of heal wounds {unknown}
 z - 2 potions of curing
 A - a potion of agility {unknown}
 C - a potion of might
Comestibles
 j - 4 rations


   Skills:
 + Level 3.7 Fighting
 + Level 5.9 Short Blades
 + Level 2.3 Maces & Flails
 + Level 5.1 Armour
 + Level 2.3 Dodging
 + Level 1.5 Stealth
 + Level 5.4 Shields


You had 7 spell levels left.
You didn't know any spells.
Your spell library contained the following spells:

 Spells                   Type           Power        Failure   Level  Hunger
 Shock                    Conj/Air       #...         100%        1    ##.....
 Swiftness                Chrm/Air       #.......     100%        2    ###....
 Static Discharge         Conj/Air       #.......     100%        3    ####...
 Airstrike                Air            #.........   100%        4    #####..
 Lightning Bolt           Conj/Air       #.........   100%        5    ######.


Dungeon Overview and Level Annotations

Branches:
Dungeon (5/15)             Temple (0/1) D:5

Altars:
Ashenzari
Dithmenos
Kikubaaqudgha
Okawaru
Qazlal
Sif Muna
Trog
Vehumet
Yredelemnul
Zin


Innate Abilities, Weirdness & Mutations

You are small and have problems with some larger weapons.
You are somewhat resistant to further mutation.


Message History

You hit the ogre.
The ogre is moderately wounded.
You block the ogre's attack.
You sock the ogre!
The ogre is severely wounded.
The ogre hits you with a +0 giant club!
You hit the ogre.
The ogre is almost dead.
The ogre hits you with a +0 giant club.
You barely miss the ogre.
The ogre is almost dead.
The ogre hits you with a +0 giant club!
* * * LOW HITPOINT WARNING * * *
Your chain mail prevents you from hitting the ogre.
The ogre is almost dead.
The ogre closely misses you.
Your shield and chain mail prevent you from hitting the ogre.
The ogre is almost dead.
The ogre hits you with a +0 giant club!
You die...

#.######.###### #.#
###### # .# #.# #<....
.### ##### #.# #.#### .
..... ...# #.# #.# ..
....##..#####.# #.# [>
.........##.# #.#
....##.##.# #.# .
#.O##.##.#####.####
....#.@................
#..............###..####
#.##.#...#.##.......#
#..........####.##
........###### #. .#
#######.# #. .# #.. ..
## ### ##


You could see an ogre.

Vanquished Creatures
  Sigmund (D:2)
  An ice beast (D:5)
  An ogre (D:3)
  A bullfrog (D:4)
  An orc priest (D:3)
  A hound (D:5)
  A jelly (D:4)
  A bullfrog skeleton (D:5)
  3 iguanas
  An orc wizard (D:3)
  A howler monkey zombie (D:5)
  Robin (D:2)
  9 adders
  A shadow imp (D:3)
  3 oozes
  A worm (D:2)
  2 dart slugs
  4 leopard geckos
  4 orcs (D:3)
  6 bats
  4 giant cockroaches
  10 hobgoblins
  6 jackals
  6 kobolds
  A quokka (D:4)
  3 frilled lizards (D:1)
  16 goblins
  A jackal zombie (D:5)
  9 rats
100 creatures vanquished.

Notes
Turn   | Place    | Note
-------+----------+-------------------------------------------
     0 | D:1      | THEFOAD the Halfling Fighter began the quest for the Orb.
     0 | D:1      | Reached XP level 1. HP: 15/15 MP: 1/1
   107 | D:1      | Reached XP level 2. HP: 19/20 MP: 2/2
   472 | D:1      | Reached XP level 3. HP: 16/26 MP: 3/3
  1138 | D:2      | Found a bloodstained altar of Trog.
  1158 | D:2      | Found a shattered altar of Ashenzari.
  1310 | D:2      | Reached XP level 4. HP: 31/31 MP: 4/4
  1404 | D:2      | Noticed Sigmund
  1409 | D:2      | Reached skill level 1 in Dodging
  1424 | D:2      | Killed Sigmund
  1424 | D:2      | Reached XP level 5. HP: 4/36 MP: 5/5
  1424 | D:2      | Reached XP level 6. HP: 4/42 MP: 6/6
  1812 | D:2      | Found a stormy altar of Qazlal.
  1813 | D:2      | Noticed Robin
  1831 | D:2      | Killed Robin
  1831 | D:2      | Reached skill level 5 in Short Blades
  1858 | D:2      | Found a deep blue altar of Sif Muna.
  1885 | D:2      | Found a radiant altar of Vehumet.
  1973 | D:2      | Found an ancient bone altar of Kikubaaqudgha.
  2686 | D:3      | Noticed an ogre
  2696 | D:3      | Killed an ogre
  2696 | D:3      | Reached XP level 7. HP: 22/46 MP: 7/7
  3281 | D:3      | Reached skill level 5 in Shields
  4059 | D:5      | Entered Level 5 of the Dungeon
  4085 | D:4      | Found an iron altar of Okawaru.
  4150 | D:4      | You fall through a shaft!
  4387 | D:4      | Reached skill level 1 in Maces & Flails
  4551 | D:4      | Found a shadowy altar of Dithmenos.
  5194 | D:5      | Reached skill level 1 in Stealth
  5260 | D:5      | Reached XP level 8. HP: 26/54 MP: 8/8
  5518 | D:5      | Found a staircase to the Ecumenical Temple.
  5572 | D:5      | Reached skill level 5 in Armour
  5586 | D:5      | Found a basalt altar of Yredelemnul.
  5799 | D:5      | Found a glowing silver altar of Zin.
  5800 | D:5      | Noticed an angel
  5866 | D:5      | Slain by an ogre

Skill      XL: |  1  2  3  4  5  6  7  8 |
---------------+-------------------------+-----
Fighting       | 3 |  3.7
Short Blades   | 3 4 5 |  5.9
Dodging        | 1 2 |  2.3
Armour         | 4 5 |  5.1
Shields        | 4 5 |  5.4
Maces & Flails | 1 2 |  2.3
Stealth        | 1 |  1.5

Action                   |  1- 3 |  4- 6 |  7- 9 || total
-------------------------+-------+-------+-------++-------
Melee: Rapier            |   137 |   131 |    62 ||   330
       Flail             |       |       |   117 ||   117
Throw: Stone             |     1 |       |       ||     1
  Use: Scroll            |       |       |    10 ||    10
       Potion            |       |       |     2 ||     2
  Eat: Ration            |     3 |       |     2 ||     5
       Chunk             |       |       |     1 ||     1
Armor: Scale mail        |    57 |    20 |    21 ||    98
       Chain mail        |       |       |    46 ||    46
Dodge: Dodged            |    58 |    38 |    46 ||   142
Block: Shield            |    72 |    59 |    95 ||   226
